 Dungeon Crawl Stone Soup version 0.18-a0-1563-g3d1bdcc (webtiles) character file.

212 Oddball22 the Stinger (level 5, -4/31 HPs)
             Began as an Octopode Venom Mage on Mar 14, 2016.
             Was an Initiate of Sif Muna.
             Killed from afar by an orc wizard (6 damage)
             ... with a puff of flame
             ... on level 4 of the Dungeon.
             The game lasted 00:06:59 (3190 turns).

Oddball22 the Stinger (Octopode Venom Mage)         Turns: 3190, Time: 00:06:59

Health: -4/31      AC:  1    Str:  7    XL:     5   Next: 90%
Magic:  10/10      EV: 12    Int: 18    God:    Sif Muna [......]
Gold:   156        SH:  0    Dex: 13    Spells: 4 memorised, 1 level left

rFire  . . .     SeeInvis .     d - +1 dagger (venom)
rCold  . . .     Gourm    .     (no shield)
rNeg   . . .     Faith    .     (helmet restricted)
rPois  .         Spirit   .     (no amulet)
rElec  .         Dismiss  .     (no ring)
rCorr  .         Reflect  .     (no ring)
SustAt .         Harm     .     (no ring)
MR     .....                    (no ring)
Stlth  +++.......               (no ring)
                                (no ring)
                                (no ring)
                                (no ring)

@: not resistant to hostile enchantments, fairly stealthy
A: almost no armour, amphibious, 8 rings, constrict 8, camouflage 1, gelatinous
body 1
a: Renounce Religion


You were on level 4 of the Dungeon.
You worshipped Sif Muna.
Sif Muna was noncommittal.
You were not hungry.

You visited 1 branch of the dungeon, and saw 4 of its levels.

You collected 156 gold pieces.

Inventory:

Hand Weapons
 d - a +1 dagger of venom (weapon)
 j - a +2 dagger of venom
Scrolls
 e - a scroll of amnesia {unknown}
 h - a scroll of fog {unknown}
 i - a scroll of random uselessness {unknown}
 k - a scroll of remove curse {unknown}
 n - a scroll of identify {unknown}
 p - a scroll of recharging {unknown}
 r - a scroll of magic mapping {unknown}
 u - a scroll of blinking {unknown}
Potions
 c - a potion of might {unknown}
 l - a potion of curing {unknown}
 m - a potion of agility {unknown}
 o - a potion of heal wounds {unknown}
 s - a potion of lignification {unknown}
 v - a potion of brilliance {unknown}
Books
 a - a Young Poisoner's Handbook

   Spells                             Type                      Level
   a - Sting                          Conjuration/Poison           1
   b - Cure Poison                    Poison                       2
   c - Mephitic Cloud                 Conjuration/Poison/Air       3
   d - Olgreb's Toxic Radiance        Poison                       4
   e - Venom Bolt                     Conjuration/Poison           5
Comestibles
 b - 2 bread rations
 f - 2 meat rations
 g - 2 royal jellies
 q - 5 fruits
 t - 2 chunks of flesh


   Skills:
 - Level 2.0 Dodging
 - Level 2.6 Stealth
 * Level 3.6 Spellcasting
 + Level 2.3 Conjurations
 + Level 1.4 Air Magic
 + Level 6.0 Poison Magic


You had one spell level left.
You knew the following spells:

 Your Spells              Type           Power        Failure   Level  Hunger
a - Sting                 Conj/Pois      ###.         2%          1    None
b - Cure Poison           Pois           ####......   1%          2    ##.....
c - Mephitic Cloud        Conj/Pois/Air  ###.....     14%         3    ###....
d - Olgreb's Toxic Radia  Pois           ####....     17%         4    ####...


Dungeon Overview and Level Annotations

Branches:
Dungeon (4/15)
 Temple: D:4-7

Altars:
Sif Muna

Annotations:
D:3 Oper80's ghost, amateur OpWr


Innate Abilities, Weirdness & Mutations

You cannot wear most types of armour.
You are amphibious.
You can wear up to eight rings at the same time.
You can use your tentacles to constrict eight enemies at once.
Your skin changes colour to match your surroundings (Stealth).
Your rubbery body absorbs attacks (AC +1).


Message History

The puff of frost misses you.
You hit something but do no damage. Something hits you.
You hit something. Your squeeze misses something.
Something hits you but does no damage.
You hit something but do no damage. Your squeeze misses something.
Something hits you but does no damage.
You closely miss something. Something hits you.
You miss something.
The orc priest invokes the aid of Beogh against you.
Beogh smites you!
You hear some strange, mumbled words.
You hit something. Something hits you. The orc closely misses you.
You hit the orc. You grab the orc.
The orc is heavily wounded.
You constrict the orc. Something hits you. The orc hits you with a hand axe!
* * * LOW HITPOINT WARNING * * *
You hear some strange, mumbled words.
A puff of flame appears from out of thin air!
The puff of flame hits you!
You die...

#.##.#
#.#......#....
#.##.#
#.#.####.#....
#.##.###.#.#
#.#.###
#......#.#.#
#.#....
###......#....
..#####
#.............
#.#
#.#......##...
#.#
#....o...####.#
###..#@###
#...#{# #....J#
#..#### #..#
..... #.#..##
#.#..# # #...


You could see an ooze and an orc.

Vanquished Creatures
  A howler monkey (D:4)
  Terence (D:3)
  6 adders
  An ooze (D:2)
  2 worms
  3 dart slugs
  A giant gecko (D:2)
  4 orcs
  A ball python (D:3)
  10 bats
  4 giant cockroaches
  5 goblins
  8 hobgoblins
  4 jackals (D:3)
  3 quokkas
  4 giant newts
  5 kobolds
  10 rats
73 creatures vanquished.

Notes
Turn   | Place    | Note
--------------------------------------------------------------
     0 | D:1      | Oddball22 the Octopode Venom Mage began the quest for the Orb.
     0 | D:1      | Reached XP level 1. HP: 11/11 MP: 3/3
   333 | D:1      | Reached XP level 2. HP: 17/17 MP: 5/5
   439 | D:1      | Reached skill level 5 in Poison Magic
  1012 | D:1      | Reached XP level 3. HP: 21/21 MP: 6/6
  1055 | D:1      | Learned a level 2 spell: Cure Poison
  1059 | D:1      | Learned a level 3 spell: Mephitic Cloud
  1129 | D:2      | Found a faded altar to an unknown god.
  1147 | D:2      | Reached skill level 1 in Conjurations
  1592 | D:2      | Reached XP level 4. HP: 23/27 MP: 4/8
  2498 | D:3      | Reached XP level 5. HP: 31/31 MP: 4/10
  2550 | D:3      | Learned a level 4 spell: Olgreb's Toxic Radiance
  2557 | D:3      | Noticed Terence
  2562 | D:3      | Killed Terence
  2562 | D:3      | Reached skill level 1 in Air Magic
  2684 | D:3      | Noticed Oper80's ghost (amateur OpWr)
  2935 | D:3      | Found a deep blue altar of Sif Muna.
  2938 | D:3      | Became a worshipper of Sif Muna the Loreminder
  3156 | D:4      | Reached skill level 6 in Poison Magic
  3190 | D:4      | Killed from afar by an orc wizard

Vault maps used:
D:1:      minmay_arrival_open_corners, serial_park_tiny_pond
D:2:      ecumenical_altar_2
D:3:      wad_river_or_something, nicolae_overflow_quartered_altars,
          minmay_overflow_temple_star_hex, lemuel_blue_sif_altar, uniq_terence
D:4:      kennysheep_mini_moat, serial_shops, nicolae_shop_statue_plus,
          first_bread, grunt_ministairs_10, uniq_sigmund

Skill      XL: |  1  2  3  4  5 |
---------------+----------------+-----
Poison Magic   | 5 6 |  6.0
Conjurations   | 1 2 |  2.3
Spellcasting   | 3 |  3.6
Air Magic      | 1 |  1.4
Dodging        | |  2.0
Stealth        | |  2.6

Action                   |  1- 3 |  4- 6 || total
-------------------------+-------+-------++-------
Melee: Dagger            |    56 |    89 ||   145
 Cast: Sting             |    12 |    10 ||    22
       Cure Poison       |       |     2 ||     2
 Stab: Sleeping          |    10 |    13 ||    23
       Distracted        |       |     1 ||     1
  Eat: Chunk             |     2 |     5 ||     7
